[Event "Titled Tuesday Blitz October 31 Late 2023"]
[White "Holt, Conrad"]
[Black "Roebers, Eline"]
[WhiteFideId "2034387"]
[BlackFideId "1058401"]
[WhiteElo "2805"]
[BlackElo "2563"]
[Result "1-0"]
[Round "4"]
[TimeControl "180+1"]
[Date "2023.10.31"]
[WhiteClock "0:00:13"]
[BlackClock "0:00:08"]
[Board "43"]

1. d4 f5 2. g3 Nf6 3. Bg2 g6 4. Nh3 Bg7 5. O-O d6 6. Nc3 e5 7. dxe5 dxe5 8. Qxd8+ Kxd8 9. e4 c6 10. f4 exf4 11. Bxf4 h6 12. Rad1+ Ke8 13. Bd6 Kf7 14. Nf4 Re8 15. h3 Nbd7 16. exf5 gxf5 17. Nd3 Nb6 18. b3 Kg8 19. Nc5 Nfd7 20. N3a4 Nxa4 21. Nxa4 Nf6 22. Nc5 Nd7 23. Rxf5 Nxc5 24. Rxc5 Be6 25. Bf4 Rad8 26. Rxd8 Rxd8 27. Ra5 Kf7 28. Kf1 Rd1+ 29. Ke2 Rg1 30. Bf1 a6 31. Ra4 Rh1 32. g4 Bd5 33. Kf2 h5 34. gxh5 Bf6 35. Bg3 Be7 36. Rf4+ Ke6 37. c4 Bc5+ 38. Ke2 Bd6 39. cxd5+ cxd5 40. Rg4 Bxg3 41. Rxg3 Rh2+ 42. Bg2 1-0


[Site "https://www.chess.com"]

[Event "Titled Tuesday Blitz October 31 Late 2023"]
[White "Aldokhin, Ivan"]
[Black "Brodsky, David"]
[WhiteFideId "24115720"]
[BlackFideId "2073250"]
[WhiteElo "2558"]
[BlackElo "2800"]
[Result "0-1"]
[Round "4"]
[TimeControl "180+1"]
[Date "2023.10.31"]
[WhiteClock "0:00:02"]
[BlackClock "0:00:05"]
[Board "44"]

1. e4 e5 2. Nf3 Nc6 3. Bb5 a6 4. Ba4 Nf6 5. O-O b5 6. Bb3 Bb7 7. Re1 Bc5 8. Nxe5 Nxe5 9. d4 Bxd4 10. Qxd4 d6 11. f4 c5 12. Qc3 c4 13. fxe5 Ng4 14. Qg3 Qb6+ 15. Kf1 Nxe5 16. Qxg7 O-O-O 17. Nc3 cxb3 18. axb3 Rhg8 19. Qxh7 Ng4 20. Qf5+ Kb8 21. Qf4 Rg6 22. h3 Rf6 23. hxg4 Rxf4+ 24. Bxf4 b4 25. Nd5 Bxd5 26. exd5 Qd4 27. Be3 Qxg4 28. Rxa6 Rh8 29. Rb6+ Kc7 30. Rc6+ Kd7 31. Rc4 Rh1+ 32. Kf2 Qf5+ 33. Rf4 Qxc2+ 34. Re2 Qg6 35. Bd4 Rh5 36. Re3 Rf5 37. Ref3 Rxf4 38. Rxf4 Ke8 39. Kf3 Qd3+ 40. Kg4 Qxb3 41. Kf5 Qxd5+ 42. Kf6 Qe6+ 43. Kg5 Qg6+ 44. Kh4 Qxg2 45. Rg4 Qh2+ 46. Kg5 Kd7 47. Bf6 Qd2+ 48. Kf5 b3 49. Rg7 Qf2+ 50. Kg5 Ke6 51. Bc3 Qg3+ 52. Kh5 Qh3+ 53. Kg5 Qg3+ 54. Kh5 Qf3+ 55. Kh4 f6 56. Rg6 Qh1+ 57. Kg4 Qg2+ 58. Kh5 Qh3# 0-1


[Site "https://www.chess.com"]

[Event "Titled Tuesday Blitz October 31 Late 2023"]
[White "Ribeiro, Matheus Mendes Domingues"]
[Black "Troff, Kayden"]
[WhiteFideId "324226923"]
[BlackFideId "2047896"]
[WhiteElo "2552"]
[BlackElo "2788"]
[Result "0-1"]
[Round "4"]
[TimeControl "180+1"]
[Date "2023.10.31"]
[WhiteClock "0:00:03"]
[BlackClock "0:00:21"]
[Board "45"]

1. c4 Nf6 2. Nc3 e5 3. Nf3 Nc6 4. e4 Bb4 5. d3 d6 6. a3 Bc5 7. b4 Bd4 8. Nxd4 Nxd4 9. Ne2 c5 10. Nxd4 exd4 11. Be2 O-O 12. O-O a6 13. Rb1 Nd7 14. f4 b5 15. bxc5 dxc5 16. cxb5 axb5 17. Rxb5 Ba6 18. Rb1 c4 19. dxc4 Nc5 20. Bb2 d3 21. Bf3 Bxc4 22. Rc1 Ra4 23. Qd2 Nb3 24. Qc3 f6 25. Rcd1 Qb6+ 26. Kh1 d2 27. Rg1 Rd8 28. e5 Rd3 29. Qc2 Nc5 30. Rxd2 Bb3 31. Qc1 Rc4 32. Qe1 Qe6 33. Rxd3 Nxd3 34. Qd2 Qf5 35. g4 Rc2 36. gxf5 Rxd2 37. Bc3 Rc2 38. Bb4 fxe5 39. fxe5 Nxe5 40. Be4 Re2 41. Bb7 Nd3 42. f6 g6 43. Rf1 Kf7 44. h3 Bc4 45. Kg1 Rb2 46. Rf3 Nxb4 47. axb4 Rxb4 48. Rf4 Rb1+ 49. Kf2 Be6 50. Bf3 g5 51. Rd4 Rb2+ 52. Kg3 Kxf6 53. Rd6 Rb3 54. h4 gxh4+ 55. Kxh4 Rxf3 56. Rd4 Rh3# 0-1


[Site "https://www.chess.com"]

[Event "Titled Tuesday Blitz October 31 Late 2023"]
[White "dodoucb"]
[Black "Alex_Sahakyan2006"]
[WhiteElo "2546"]
[BlackElo "2749"]
[Result "0-1"]
[Round "4"]
[TimeControl "180+1"]
[Date "2023.10.31"]
[WhiteClock "0:00:05"]
[BlackClock "0:01:03"]
[Board "46"]

1. d4 Nf6 2. Nf3 d5 3. c4 dxc4 4. e3 Bg4 5. Bxc4 e6 6. Qb3 Bxf3 7. gxf3 Qc8 8. Nc3 Be7 9. Bd2 Nbd7 10. O-O-O Nb6 11. Kb1 Nxc4 12. Qxc4 Qd7 13. e4 O-O-O 14. Bf4 Nh5 15. Be3 Kb8 16. Rc1 c6 17. Rhd1 Nf6 18. Bf4+ Ka8 19. Na4 b5 20. Qxc6+ Qxc6 21. Rxc6 bxa4 22. Rc7 Rd7 23. Rdc1 Rhd8 24. Rxd7 Rxd7 25. Rc8+ Kb7 26. Rb8+ Ka6 27. Be3 Rb7 28. Rc8 Nd7 29. Rc6+ Nb6 30. Kc2 Kb5 31. Rc3 Bb4 32. Rd3 Rc7+ 33. Kb1 Nc4 34. Bf4 Bd6 35. e5 Be7 36. d5 exd5 37. Rxd5+ Kc6 38. Rd4 Kc5 39. Rd1 Rc6 40. b3 axb3 41. axb3 Na3+ 42. Kb2 Kb6 43. Rd7 Rc2+ 44. Ka1 Bc5 45. Rxf7 Bd4# 0-1


[Site "https://www.chess.com"]

[Event "Titled Tuesday Blitz October 31 Late 2023"]
[White "Koellner, Ruben Gideon"]
[Black "Deeper44"]
[WhiteFideId "12993093"]
[WhiteElo "2744"]
[BlackElo "2544"]
[Result "1-0"]
[Round "4"]
[TimeControl "180+1"]
[Date "2023.10.31"]
[WhiteClock "0:00:12"]
[BlackClock "0:00:00"]
[Board "47"]

1. d4 Nf6 2. Nf3 g6 3. Nbd2 Bg7 4. e4 d6 5. c3 O-O 6. Bc4 c6 7. Bb3 b5 8. O-O a5 9. a4 bxa4 10. Bxa4 c5 11. dxc5 dxc5 12. Qe2 Ba6 13. Bb5 Bxb5 14. Qxb5 Qc7 15. e5 Ng4 16. e6 fxe6 17. Qc4 Rf4 18. Qxe6+ Kh8 19. h3 Ra6 20. Qe2 Ne5 21. Nxe5 Qxe5 22. Qxe5 Bxe5 23. Nf3 Rxf3 24. gxf3 Kg7 25. Re1 Bd6 26. Be3 Nc6 27. Ra4 Ne5 28. Kg2 Nd3 29. Re2 Rb6 30. Rxa5 Nxb2 31. Bxc5 Bxc5 32. Rxc5 Nd3 33. Rxe7+ Kf6 34. Rcc7 Nf4+ 35. Kg3 Nh5+ 36. Kh2 Rb2 37. Rf7+ Kg5 38. Rc5+ Kh6 39. Kg2 Rc2 40. c4 Ng7 41. h4 Nf5 42. Rfxf5 gxf5 43. Kg3 Kg6 44. Rc6+ Kh5 45. Rc8 f4+ 46. Kxf4 Rxf2 47. Kg3 Rc2 48. Rc5+ Kg6 49. Kg4 Rg2+ 50. Kf4 Rh2 51. Kg3 Rc2 52. f4 h5 53. Kf3 Rc1 54. Ke4 Re1+ 55. Kd4 Rf1 56. Rg5+ Kf6 57. Ke4 Re1+ 58. Kd5 Rd1+ 59. Kc6 Rd4 60. c5 Rxf4 61. Rxh5 Kg6 62. Re5 Rxh4 63. Kd7 Rd4+ 64. Ke6 Rc4 65. Rd5 Kg7 66. Kd6 Kf8 67. Kd7 Rc1 68. c6 Kf7 69. c7 Kf6 70. c8=Q Rxc8 71. Kxc8 Ke6 72. Rd7 1-0


[Site "https://www.chess.com"]

[Event "Titled Tuesday Blitz October 31 Late 2023"]
[White "Schnaider, Ilan"]
[Black "Sreyas Payyappat"]
[WhiteFideId "169013"]
[BlackFideId "46674969"]
[WhiteElo "2738"]
[BlackElo "2544"]
[Result "1-0"]
[Round "4"]
[TimeControl "180+1"]
[Date "2023.10.31"]
[WhiteClock "0:00:03"]
[BlackClock "0:00:04"]
[Board "48"]

1. e4 c6 2. Nf3 d5 3. Nc3 dxe4 4. Nxe4 Nf6 5. Qe2 Nxe4 6. Qxe4 Nd7 7. Bc4 Nf6 8. Ne5 e6 9. Qf4 Bd6 10. d4 b5 11. Bd3 Bb7 12. O-O Qc7 13. Re1 O-O-O 14. a4 Nd5 15. Qxf7 Bxe5 16. Qxe6+ Kb8 17. Qxe5 Qxe5 18. Rxe5 bxa4 19. Rxa4 Nb6 20. Rb4 Rhg8 21. Bf4 Ka8 22. Be4 Rgf8 23. Bg3 Rfe8 24. Rb3 Rxe5 25. Bxe5 Nc4 26. Bxg7 Nd2 27. Re3 Nc4 28. Re1 Nxb2 29. Bxh7 a6 30. d5 Nc4 31. dxc6 Bxc6 32. Bc3 Bd5 33. Bd3 Kb7 34. h3 Ra8 35. Re7+ Kc6 36. h4 a5 37. h5 a4 38. h6 Rg8 39. Bxc4 1-0


[Site "https://www.chess.com"]

[Event "Titled Tuesday Blitz October 31 Late 2023"]
[White "Avazkhonov, Alikhon"]
[Black "Korchmar, Vasiliy"]
[WhiteFideId "14208504"]
[BlackFideId "24131750"]
[WhiteElo "2539"]
[BlackElo "2737"]
[Result "0-1"]
[Round "4"]
[TimeControl "180+1"]
[Date "2023.10.31"]
[WhiteClock "0:00:11"]
[BlackClock "0:01:55"]
[Board "49"]

1. d4 Nf6 2. c4 e6 3. Nc3 d5 4. cxd5 exd5 5. Bg5 c6 6. e3 h6 7. Bh4 Be7 8. Bd3 Nbd7 9. Qc2 Nf8 10. Nf3 Ne6 11. Ne5 O-O 12. O-O-O c5 13. dxc5 Nxc5 14. Bxf6 Bxf6 15. Bh7+ Kh8 16. Rxd5 Qa5 17. Nc4 Qb4 18. Nd6 Be6 19. a3 Qb6 20. Nc4 Qc6 21. Ne5 Qc7 22. Nb5 Nb3+ 23. Kb1 Qxc2+ 24. Bxc2 Bxd5 25. Nc7 Bxe5 26. Nxd5 Nd2+ 27. Kc1 Nc4 28. b3 Nxa3 29. f4 Nxc2 0-1


[Site "https://www.chess.com"]

[Event "Titled Tuesday Blitz October 31 Late 2023"]
[White "Harikrishnan.A.Ra"]
[Black "Osmak, Yuliia"]
[WhiteFideId "5081483"]
[BlackFideId "14101602"]
[WhiteElo "2735"]
[BlackElo "2536"]
[Result "1-0"]
[Round "4"]
[TimeControl "180+1"]
[Date "2023.10.31"]
[WhiteClock "0:00:05"]
[BlackClock "0:00:00"]
[Board "50"]

1. d4 Nf6 2. Nf3 e6 3. Bf4 c5 4. c3 d5 5. e3 Bd6 6. Nbd2 O-O 7. Bg3 Qc7 8. Bxd6 Qxd6 9. Bd3 b6 10. O-O Bb7 11. Ne5 Nfd7 12. f4 f6 13. Bxh7+ Kxh7 14. Qh5+ Kg8 15. Ng6 Nc6 16. Nf3 Ba6 17. Nfe5 fxe5 18. fxe5 Bxf1 19. exd6 Bd3 20. Nxf8 Rxf8 21. Qg4 Bf5 22. Qh4 Nf6 23. Rf1 cxd4 24. cxd4 Rd8 25. g4 Bd3 26. g5 Bxf1 27. gxf6 Rf8 28. Kxf1 Rxf6+ 29. Ke2 e5 30. dxe5 Nxe5 31. Qg5 Nf7 32. Qxd5 1-0


[Site "https://www.chess.com"]

[Event "Titled Tuesday Blitz October 31 Late 2023"]
[White "Maximov, Dmitry"]
[Black "Manukyan, Artyom"]
[WhiteFideId "14105659"]
[BlackFideId "13305786"]
[WhiteElo "2727"]
[BlackElo "2534"]
[Result "1-0"]
[Round "4"]
[TimeControl "180+1"]
[Date "2023.10.31"]
[WhiteClock "0:00:06"]
[BlackClock "0:00:00"]
[Board "51"]

1. e4 e5 2. Nf3 Nc6 3. Bb5 a6 4. Ba4 Nf6 5. O-O Be7 6. Re1 b5 7. Bb3 d6 8. c3 O-O 9. h3 Bb7 10. d3 Re8 11. Nbd2 Na5 12. Bc2 c5 13. Nf1 Bf8 14. Ng3 g6 15. Bg5 Bg7 16. Qd2 Nc6 17. Rad1 Qe7 18. Bh6 Bh8 19. a3 Rad8 20. Bb3 Rd7 21. Ng5 Nd8 22. f4 Bg7 23. Bxg7 Kxg7 24. f5 d5 25. exd5 Bxd5 26. Bxd5 Rxd5 27. Qf2 Qd7 28. Rf1 Rf8 29. fxg6 fxg6 30. N3e4 Qe7 31. Qh4 h6 32. Nf3 Rf7 33. Qe1 Ne6 34. Nxf6 Rxf6 35. d4 cxd4 36. cxd4 Nxd4 37. Rxd4 Qa7 38. Kh1 exd4 39. Qe4 Qd7 40. Rd1 d3 41. Rd2 Qe6 42. Qh4 Qe3 43. Qb4 h5 44. Qc3 Kf7 45. b4 Rxf3 46. gxf3 Qxf3+ 47. Kh2 g5 48. Qc7+ Kg6 49. Qc6+ Kf5 50. Qc8+ Kg6 51. Qg8+ Kf6 52. Qf8+ Ke5 53. Qxf3 1-0


[Site "https://www.chess.com"]

[Event "Titled Tuesday Blitz October 31 Late 2023"]
[White "Shubenkova, Veronika"]
[Black "Erenberg, Ariel"]
[WhiteFideId "44124040"]
[BlackFideId "2811634"]
[WhiteElo "2534"]
[BlackElo "2714"]
[Result "0-1"]
[Round "4"]
[TimeControl "180+1"]
[Date "2023.10.31"]
[WhiteClock "0:00:18"]
[BlackClock "0:01:54"]
[Board "52"]

1. e4 c6 2. d4 d5 3. Nc3 dxe4 4. Nxe4 Nf6 5. Nxf6+ exf6 6. c3 Bd6 7. Bd3 O-O 8. Qc2 Re8+ 9. Ne2 h5 10. Bd2 Nd7 11. O-O-O Nf8 12. h3 Be6 13. c4 b5 14. Rhe1 bxc4 15. Bxc4 Rb8 16. Nf4 Bxf4 17. Bxf4 Rb7 18. d5 cxd5 19. Bxd5 Bxd5 20. Rxe8 Qxe8 21. Rxd5 Ne6 22. Qe4 Qc6+ 23. Kb1 Rd7 24. Re5 Rd1+ 25. Bc1 Qxc1# 0-1


[Site "https://www.chess.com"]

[Event "Titled Tuesday Blitz October 31 Late 2023"]
[White "Rohan, Ahuja"]
[Black "Toncheva, Nadya"]
[WhiteFideId "5090598"]
[BlackFideId "2924056"]
[WhiteElo "2713"]
[BlackElo "2528"]
[Result "1-0"]
[Round "4"]
[TimeControl "180+1"]
[Date "2023.10.31"]
[WhiteClock "0:00:07"]
[BlackClock "0:00:01"]
[Board "53"]

1. Nf3 c5 2. g3 g6 3. c4 Bg7 4. Nc3 Nc6 5. Bg2 e5 6. O-O Nge7 7. a3 O-O 8. Rb1 d6 9. b4 cxb4 10. axb4 Be6 11. d3 h6 12. b5 Nb8 13. Ba3 Qc7 14. b6 axb6 15. Nb5 Qd7 16. Bxd6 Nbc6 17. Nd2 Rfd8 18. Re1 Nd4 19. Bxe7 Qxe7 20. Nxd4 Rxd4 21. Rxb6 Rd7 22. Qb1 e4 23. Nxe4 Ra1 24. Qxa1 Bxa1 25. Rxa1 Kg7 26. Rab1 Rc7 27. Nc3 Qc5 28. R6b5 Qd4 29. Nd5 Bxd5 30. Rxd5 Qf6 31. Rdb5 Qe6 32. Bf3 g5 33. Rxb7 Rxb7 34. Rxb7 g4 35. Be4 Qe5 36. Kf1 h5 37. e3 h4 38. gxh4 Qxh2 39. Bd5 Qxh4 40. Rxf7+ Kg6 41. Rf4 Qh3+ 42. Ke2 Kg5 43. Be6 Qh8 44. Bxg4 Qb8 45. Kf3 Qb2 46. Kg3 Qb8 47. c5 Qc7 48. d4 Qb8 49. Kf3 Qb7+ 50. Kg3 Qb8 51. d5 Qe5 52. Kh3 Qxd5 53. Rf5+ Qxf5 54. Bxf5 1-0


[Site "https://www.chess.com"]

[Event "Titled Tuesday Blitz October 31 Late 2023"]
[White "Tologon tegin, Semetei"]
[Black "Gubajdullin, Alexei"]
[WhiteFideId "13800574"]
[BlackFideId "4141202"]
[WhiteElo "2526"]
[BlackElo "2712"]
[Result "1-0"]
[Round "4"]
[TimeControl "180+1"]
[Date "2023.10.31"]
[WhiteClock "0:00:45"]
[BlackClock "0:00:16"]
[Board "54"]

1. Nc3 Nf6 2. e4 d6 3. d4 g6 4. Be3 Bg7 5. f3 c6 6. Qd2 b5 7. Bd3 Nbd7 8. h4 h6 9. Nh3 e5 10. Ne2 d5 11. c3 dxe4 12. fxe4 Ng4 13. Bg1 Qxh4+ 14. Nf2 Qe7 15. Nxg4 exd4 16. Bxd4 Bxd4 17. cxd4 Nb6 18. Ne5 Bb7 19. Rxh6 Rxh6 20. Qxh6 O-O-O 21. O-O-O Na4 22. Kb1 Kb8 23. Qf4 Ka8 24. Qxf7 Qb4 25. Qb3 Qd6 26. Bc2 a6 27. Nf7 Qe7 28. Nxd8 Qxd8 29. Qb4 Nb6 30. Rf1 Ka7 31. Qc5 Qh4 32. Nc3 Qh2 33. d5 Qxg2 34. Rg1 Qh2 35. dxc6 Bxc6 36. Nd5 Bxd5 37. exd5 Kb7 38. Rxg6 Qh1+ 39. Qg1 Qxd5 40. Qxb6+ 1-0


[Site "https://www.chess.com"]

[Event "Titled Tuesday Blitz October 31 Late 2023"]
[White "Gurevich, Dmitry"]
[Black "Hamitevici, Vladimir"]
[WhiteFideId "2000407"]
[BlackFideId "13902393"]
[WhiteElo "2525"]
[BlackElo "2712"]
[Result "0-1"]
[Round "4"]
[TimeControl "180+1"]
[Date "2023.10.31"]
[WhiteClock "0:00:00"]
[BlackClock "0:00:07"]
[Board "55"]

1. d4 d6 2. Nf3 g6 3. c4 Bg7 4. Nc3 f5 5. g3 Nf6 6. Bg2 O-O 7. O-O c6 8. d5 e5 9. dxe6 Bxe6 10. Qd3 Na6 11. Ng5 Bc8 12. Bf4 Ne8 13. Rad1 Nc5 14. Qd2 h6 15. Nf3 g5 16. Bxd6 Nxd6 17. Qxd6 Qxd6 18. Rxd6 Be6 19. b4 Bxc3 20. bxc5 Rae8 21. Rc1 Bg7 22. e3 Rf7 23. Nd4 Bc8 24. Nb3 Bf8 25. Rd3 f4 26. Rcd1 fxe3 27. Rxe3 Rxe3 28. fxe3 Be6 29. Bf1 Be7 30. h3 Bc8 31. Kg2 Rf5 32. Be2 Re5 33. Bg4 Bxg4 34. hxg4 Bxc5 35. Nxc5 Rxc5 36. Rd7 b6 37. Rxa7 Rxc4 38. a4 Rxg4 39. Rb7 Rb4 40. Kf3 g4+ 41. Ke2 c5 42. Kd3 h5 43. e4 h4 44. gxh4 g3 45. Ke2 Rxe4+ 46. Kf3 Rxa4 47. Kxg3 Rb4 48. h5 c4 49. h6 c3 50. Rg7+ Kh8 51. Rc7 Rb3 52. Kf4 b5 53. Kf5 Rb4 54. Kg5 Rc4 0-1


[Site "https://www.chess.com"]

[Event "Titled Tuesday Blitz October 31 Late 2023"]
[White "Burke, Carol Ann"]
[Black "TimGrutter03"]
[WhiteFideId "11104643"]
[WhiteElo "2706"]
[BlackElo "2524"]
[Result "1-0"]
[Round "4"]
[TimeControl "180+1"]
[Date "2023.10.31"]
[WhiteClock "0:00:18"]
[BlackClock "0:00:03"]
[Board "56"]

1. d4 c6 2. c4 d5 3. Nc3 e6 4. e3 Nf6 5. Nf3 Bd6 6. Qc2 Nbd7 7. g4 h6 8. Bd2 dxc4 9. Bxc4 b5 10. Be2 Qb6 11. e4 e5 12. dxe5 Nxe5 13. Be3 Nxf3+ 14. Bxf3 Bc5 15. Nd5 cxd5 16. Bxc5 Qa5+ 17. Kf1 Qa4 18. b3 Qa6 19. exd5 Kd8 20. h3 Bb7 21. b4 Qa3 22. Qb3 Qxb3 23. axb3 a6 24. Kg2 Re8 25. Rhd1 Kd7 26. Rd4 Re5 27. Rad1 Rae8 28. Rf4 Re1 29. Rd2 Rb1 30. d6 Bxf3+ 31. Rxf3 Rbe1 32. Ra2 Ra8 33. Re3 Rxe3 34. fxe3 Ne4 35. Kf3 Nxc5 36. bxc5 Kc6 37. b4 a5 38. Rxa5 Rxa5 39. bxa5 b4 40. Ke2 f5 41. gxf5 h5 42. Kd2 h4 43. Kc2 g5 44. fxg6 Kd7 45. g7 Ke6 46. g8=Q+ 1-0


[Site "https://www.chess.com"]

[Event "Titled Tuesday Blitz October 31 Late 2023"]
[White "Sturt, Raven"]
[Black "Tokhirjonova, Gulrukhbegim"]
[WhiteFideId "2007304"]
[BlackFideId "14203626"]
[WhiteElo "2521"]
[BlackElo "2698"]
[Result "1-0"]
[Round "4"]
[TimeControl "180+1"]
[Date "2023.10.31"]
[WhiteClock "0:00:19"]
[BlackClock "0:00:03"]
[Board "57"]

1. f4 d5 2. Nf3 c5 3. e3 Nc6 4. b3 g6 5. Bb2 Nf6 6. Bb5 Bd7 7. O-O Bg7 8. d3 O-O 9. Qe2 Rc8 10. Nbd2 Qb6 11. c4 Rfd8 12. Ne5 Nxe5 13. fxe5 Bg4 14. Qf2 a6 15. exf6 exf6 16. Ba4 Bf5 17. e4 dxe4 18. Nxe4 Rxd3 19. Rae1 Rcd8 20. Qxc5 Qxc5+ 21. Nxc5 Rd2 22. Bc1 Rxa2 23. Nxb7 Rb8 24. Bf4 Rf8 25. Nc5 a5 26. Rf2 Rxf2 27. Kxf2 g5 28. Bd6 Rd8 29. Nb7 Rc8 30. Nxa5 Be6 31. Nc6 Ra8 32. Ne7+ Kh8 33. c5 f5 34. Be5 Bxe5 35. Rxe5 Kg7 36. Nd5 Rd8 37. Nb6 Rd2+ 38. Re2 Rd3 39. c6 Rc3 40. Rxe6 fxe6 41. Nc4 Rc2+ 42. Ke1 Rxg2 43. c7 Rxh2 44. c8=Q Rh1+ 45. Kf2 Kh6 46. Qxe6+ Kh5 47. Be8+ Kg4 48. Ne3+ Kh4 49. Qh6# 1-0


[Site "https://www.chess.com"]

[Event "Titled Tuesday Blitz October 31 Late 2023"]
[White "Annaberdiyev, Meylis"]
[Black "Santos Flores, Alberto"]
[WhiteFideId "14000563"]
[BlackFideId "3601234"]
[WhiteElo "2696"]
[BlackElo "2507"]
[Result "1-0"]
[Round "4"]
[TimeControl "180+1"]
[Date "2023.10.31"]
[WhiteClock "0:01:24"]
[BlackClock "0:01:10"]
[Board "58"]

1. e4 e6 2. d4 d5 3. e5 c5 4. Nf3 Nc6 5. Bd3 Bd7 6. O-O cxd4 7. Nbd2 Nge7 8. Nb3 Ng6 9. Re1 Qc7 10. Bxg6 hxg6 11. Nbxd4 a6 12. c3 Be7 13. Bf4 Qb6 14. Qd2 Rc8 15. Rad1 Nxd4 16. Nxd4 Bb5 17. Bg5 Bc5 18. Be3 Qc7 19. Nf3 Be7 20. Bg5 Bc5 21. h4 Bc4 22. a3 Bb3 23. Rc1 Ba4 24. Qf4 Qb6 25. Qxa4+ Kf8 26. Qc2 Qb5 27. Qe2 Qb3 28. Nd4 Qb6 29. b4 1-0


[Site "https://www.chess.com"]

[Event "Titled Tuesday Blitz October 31 Late 2023"]
[White "Buchenau, Frank"]
[Black "Leiva, Gianmarco"]
[WhiteFideId "4604350"]
[BlackFideId "3804399"]
[WhiteElo "2491"]
[BlackElo "2688"]
[Result "0-1"]
[Round "4"]
[TimeControl "180+1"]
[Date "2023.10.31"]
[WhiteClock "0:00:04"]
[BlackClock "0:00:04"]
[Board "59"]

1. e4 c5 2. Nf3 d6 3. Bb5+ Nd7 4. O-O a6 5. Bd3 Ngf6 6. Re1 e6 7. a4 Qc7 8. Na3 b6 9. c3 g6 10. Bc2 Bg7 11. d4 O-O 12. Bf4 Nh5 13. Be3 Bb7 14. Bd3 h6 15. Qd2 Kh7 16. b4 Rac8 17. Rab1 cxd4 18. cxd4 Qc3 19. Nc2 Qxd2 20. Bxd2 Rc7 21. Rec1 Nhf6 22. Re1 Rfc8 23. Rb2 Nxe4 24. Bxe4 Bxe4 25. Rxe4 Rxc2 26. Rxc2 Rxc2 27. h4 Nf6 28. Rf4 Nd5 29. Rxf7 Rc7 30. Rxc7 Nxc7 31. Kf1 Bf6 32. Ke2 Nd5 33. Kd3 b5 34. axb5 axb5 35. g3 Kg7 36. Ne1 h5 37. Nc2 Kf7 38. Ne3 Ne7 39. d5 exd5 40. Bc3 Bxc3 41. Kxc3 Ke6 42. Kd4 Nc6+ 43. Kd3 Nxb4+ 44. Kd4 Nc6+ 45. Kd3 d4 46. Nc2 Kd5 47. f3 Ne5+ 48. Kd2 Nxf3+ 49. Ke2 Ne5 50. Ne1 Ke4 51. Ng2 d3+ 52. Kd2 Nc4+ 53. Kd1 b4 54. Nf4 b3 55. Kc1 b2+ 56. Kb1 d2 0-1


[Site "https://www.chess.com"]

[Event "Titled Tuesday Blitz October 31 Late 2023"]
[White "Zavgorodniy, Sergiy"]
[Black "Molenda, Marcin"]
[WhiteFideId "14110148"]
[BlackFideId "1173065"]
[WhiteElo "2688"]
[BlackElo "2487"]
[Result "1/2-1/2"]
[Round "4"]
[TimeControl "180+1"]
[Date "2023.10.31"]
[WhiteClock "0:00:11"]
[BlackClock "0:01:07"]
[Board "60"]

1. d4 d5 2. c4 c6 3. e3 Nf6 4. Bd3 dxc4 5. Bxc4 Bf5 6. Qb3 e6 7. Qxb7 Nbd7 8. Qb3 Rb8 9. Qd1 Bd6 10. Nf3 O-O 11. O-O e5 12. dxe5 Nxe5 13. Nxe5 Bxe5 14. Qxd8 Rfxd8 15. Nc3 Bxc3 16. bxc3 Bd3 17. Bxd3 Rxd3 18. c4 Ne4 19. f3 Nd6 20. c5 Nc4 21. e4 Rc3 22. Bf4 Rb2 23. Rfc1 Rxc1+ 24. Rxc1 Na5 25. a4 h6 26. Rd1 Rc2 27. Rd8+ Kh7 28. Rd7 Rxc5 29. Rxf7 a6 30. Ra7 Rc4 31. Rxa6 Rxa4 32. Bc7 Ra1+ 33. Kf2 Nb3 34. Rxc6 Ra2+ 35. Kg3 Nd4 36. Rc4 Ne2+ 37. Kh3 Ng1+ 38. Kg3 Ne2+ 39. Kg4 Ng1 40. g3 Rxh2 41. Kf4 Rf2 42. Rc3 Ne2+ 43. Ke3 Rxf3+ 44. Kxf3 Nxc3 45. Be5 Na4 46. Bd4 Kg6 47. Ke3 Kf7 48. Kd3 Ke6 49. Kc4 g5 50. Kb4 Nb6 51. Bxb6 Ke5 52. Kc3 Kxe4 53. Kd2 Kf3 54. Bc7 h5 55. Ke1 h4 56. gxh4 gxh4 57. Kf1 h3 58. Kg1 h2+ 59. Kxh2 1/2-1/2


[Site "https://www.chess.com"]

[Event "Titled Tuesday Blitz October 31 Late 2023"]
[White "Mystery2007"]
[Black "Mendez Fortes, Eduardo Jesus"]
[BlackFideId "3502376"]
[WhiteElo "2471"]
[BlackElo "2685"]
[Result "1-0"]
[Round "4"]
[TimeControl "180+1"]
[Date "2023.10.31"]
[WhiteClock "0:00:12"]
[BlackClock "0:00:04"]
[Board "61"]

1. Nf3 d5 2. c4 e6 3. g3 Nf6 4. Bg2 dxc4 5. O-O Nbd7 6. Qc2 a6 7. a4 c5 8. Na3 Qc7 9. Qxc4 b6 10. d3 Bb7 11. Bf4 Bd6 12. Bxd6 Qxd6 13. Qc2 O-O 14. Rfd1 Nd5 15. d4 Nb4 16. Qc3 Qe7 17. dxc5 bxc5 18. Rac1 Na2 19. Qc2 Nxc1 20. Rxc1 Rab8 21. Nc4 Nf6 22. Nfe5 Bxg2 23. Kxg2 Qb7+ 24. f3 Rfd8 25. Na5 Qc7 26. Nac6 Rbc8 27. Qxc5 Re8 28. b4 h6 29. b5 axb5 30. axb5 Nd5 31. e4 Nb6 32. Rd1 f6 33. Ng6 Kh7 34. Nge7 Ra8 35. Rd6 Ra2+ 36. Kh3 Nd7 37. Qh5 Rea8 38. Qg6+ Kh8 39. Rxe6 Nf8 40. Qf7 Nxe6 41. Qxe6 Re8 42. Qf7 Rc8 43. Qxa2 Rf8 44. Qd5 Qb7 45. Ng6+ Kh7 46. Nxf8+ Kh8 47. Ng6+ Kh7 48. Nce7 Qb8 49. Qg8+ Qxg8 50. Nxg8 Kxg6 51. b6 1-0


[Site "https://www.chess.com"]

[Event "Titled Tuesday Blitz October 31 Late 2023"]
[White "Rakitic2010"]
[Black "Janaszak, Dawid"]
[BlackFideId "1119206"]
[WhiteElo "2469"]
[BlackElo "2683"]
[Result "0-1"]
[Round "4"]
[TimeControl "180+1"]
[Date "2023.10.31"]
[WhiteClock "0:00:00"]
[BlackClock "0:00:24"]
[Board "62"]

1. e4 c5 2. Nf3 Nc6 3. d4 cxd4 4. Nxd4 g6 5. c4 e5 6. Nb5 d6 7. N1c3 a6 8. Bg5 f6 9. Be3 axb5 10. Nd5 Nd4 11. Bxd4 exd4 12. Qxd4 Bg7 13. cxb5 Ne7 14. Nb6 Rb8 15. Bc4 d5 16. exd5 Nf5 17. Qe4+ Kf8 18. O-O-O Qxb6 19. Rhe1 Bd7 20. g4 Re8 21. Qf3 Nd6 22. Qa3 Kf7 23. Re6 Bxe6 24. dxe6+ Ke7 25. g5 Rc8 26. b3 f5 27. Qb4 Rhd8 28. a4 Qxf2 29. Rd2 Qe1+ 30. Kc2 Qe5 31. Kd1 Ke8 32. e7 Rd7 33. b6 Nxc4 34. Rxd7 Ne3+ 0-1


[Site "https://www.chess.com"]

[Event "Titled Tuesday Blitz October 31 Late 2023"]
[White "Kubicka, Anna"]
[Black "Pantev, Veselin"]
[WhiteFideId "1152254"]
[BlackFideId "2901390"]
[WhiteElo "2469"]
[BlackElo "2681"]
[Result "1/2-1/2"]
[Round "4"]
[TimeControl "180+1"]
[Date "2023.10.31"]
[WhiteClock "0:00:28"]
[BlackClock "0:02:19"]
[Board "63"]

1. e4 c6 2. Nc3 d5 3. Nf3 dxe4 4. Nxe4 Nf6 5. Qe2 Nxe4 6. Qxe4 Qd5 7. Qh4 Qe6+ 8. Be2 Nd7 9. d4 Nf6 10. Ne5 Qd6 11. O-O Bf5 12. Bf4 Qd8 13. c4 a6 14. Rad1 h6 15. d5 cxd5 16. cxd5 Nxd5 17. Rxd5 Qxd5 18. Bc4 g5 19. Bxd5 gxh4 20. Bxf7+ Kd8 21. Rd1+ Kc8 22. Rc1+ Kd8 23. Rd1+ Kc8 24. Rc1+ Kd8 25. Rd1+ 1/2-1/2


[Site "https://www.chess.com"]

[Event "Titled Tuesday Blitz October 31 Late 2023"]
[White "Figorito, Nick"]
[Black "Rosen, Eric"]
[WhiteFideId "30923689"]
[BlackFideId "2032562"]
[WhiteElo "2434"]
[BlackElo "2674"]
[Result "1-0"]
[Round "4"]
[TimeControl "180+1"]
[Date "2023.10.31"]
[WhiteClock "0:00:07"]
[BlackClock "0:00:00"]
[Board "64"]

1. Nf3 d5 2. g3 Nf6 3. Bg2 e6 4. O-O Be7 5. d4 b5 6. Ne5 O-O 7. c4 bxc4 8. Nxc4 Nbd7 9. Na5 c5 10. Nc6 Qe8 11. Nxe7+ Qxe7 12. dxc5 Nxc5 13. Nc3 Ba6 14. Bf4 Rac8 15. Rc1 Rfd8 16. Be5 Ncd7 17. Bd4 Nb6 18. Bxb6 axb6 19. Re1 h5 20. e3 h4 21. Qd4 Nd7 22. Na4 hxg3 23. hxg3 Qd6 24. e4 Bb7 25. exd5 Nc5 26. Nxc5 bxc5 27. Qe5 exd5 28. Qh5 Bc6 29. Rcd1 d4 30. Be4 Bxe4 31. Rxe4 Qd5 32. Re8+ Rxe8 33. Qxd5 Red8 34. Qc4 Kf8 35. b4 cxb4 36. Qxb4+ Kg8 37. Rxd4 Rxd4 38. Qxd4 Rf8 39. a4 f5 40. a5 f4 41. gxf4 g5 42. Qd5+ Kg7 43. Qxg5+ Kh7 44. Qe7+ 1-0


[Site "https://www.chess.com"]